 Dungeon Crawl Stone Soup version 0.29-a0-817-g9904bce7a6 (webtiles) character file.

Game seed: 8213055838454771552

467 zeratav the Tainter (level 7, 0/41 HPs)
             Began as an Octopode Venom Mage on July 6, 2022.
             Was an Initiate of Gozag.
             Killed from afar by an orc wizard (8 damage)
             ... with a magic dart
             ... on level 4 of the Dungeon.
             The game lasted 00:12:50 (6037 turns).

zeratav the Tainter (Octopode Venom Mage)           Turns: 6037, Time: 00:12:50

Health: 0/41       AC:  1    Str:  7    XL:     7   Next: 8%
Magic:  6/10       EV: 13    Int: 20    God:    Gozag
Gold:   434        SH:  0    Dex: 12    Spells: 3/10 levels left

rFire   . . .      SeeInvis .   c - +1 dagger {short}
rCold   . . .      Faith    .   (no shield)
rNeg    + + .      Spirit   .   (helmet restricted)
rPois   .          Reflect  .   (no amulet)
rElec   .          Harm     .   d - ring of positive energy
rCorr   +          Rampage  .   g - ring of resist corrosion
Will    .....                   n - ring of positive energy
Stlth   ++++......              (no ring)
HPRegen 0.13/turn               (no ring)
MPRegen 0.12/turn               (no ring)
                                (no ring)
                                (no ring)

@: no status effects
A: almost no armour, amphibious, 8 rings, camouflage 1, gelatinous body 1,
(nimble swimmer 1), tentacles
a: Renounce Religion, Potion Petition, Call Merchant, Bribe Branch


You were on level 4 of the Dungeon.
You worshipped Gozag.
Gozag was aware of your devotion.
You visited 2 branches of the dungeon, and saw 5 of its levels.

You collected 1216 gold pieces.
You spent 288 gold pieces at shops.
You paid 494 gold pieces to Gozag.


Innate Abilities, Weirdness & Mutations

You cannot wear most types of armour.
You are amphibious.
You can wear up to eight rings at the same time.
Your skin changes colour to match your surroundings (Stealth+).
Your rubbery body absorbs attacks. (AC +1, EV +1)
((You are camouflaged when in or above water. (Stealth+)))
You have tentacles for arms and can constrict up to eight enemies at once.


   Skills:
 - Level 2.0 Dodging
 - Level 5.0 Stealth
 - Level 2.0 Spellcasting
 - Level 1.5 Transmutations
 + Level 8.5 Poison Magic


You had 3 spell levels left.
You knew the following spells:

 Your Spells              Type           Power      Damage    Failure   Level
a - Sting                 Tmut/Pois      88%        1d7       1%          1
b - Poisonous Vapours     Pois/Air       38%        N/A       4%          2
c - Olgreb's Toxic Radia  Pois           36%        N/A       4%          4

Your spell library contained the following spells:

 Spells                   Type           Power      Damage    Failure   Level
 Ignite Poison            Fire/Tmut/Pois 15%        N/A       12%         3
 Mephitic Cloud           Conj/Pois/Air  13%        N/A       14%         3
 Summon Small Mammal      Summ           8%         N/A       16%         1
 Call Canine Familiar     Summ           2%         N/A       43%         3
 Summon Guardian Golem    Hex/Summ       2%         N/A       43%         3
 Freezing Cloud           Conj/Ice/Air   1%         6-21      99%         5

Inventory:

Hand Weapons
 c - a +1 dagger (weapon) {short}
   (You took it off a goblin on level 1 of the Dungeon)
Jewellery
 d - a ring of positive energy (left tentacle)
   (You found it on level 1 of the Dungeon)
 g - a ring of resist corrosion (right tentacle)
   (You found it on level 1 of the Dungeon)
 n - a ring of positive energy (on tentacle)
   (You found it on level 2 of the Dungeon)
Wands
 j - a wand of polymorph (5)
   (You bought it in a shop on level 4 of the Dungeon)
 s - a wand of paralysis (3)
   (You bought it in a shop on level 4 of the Dungeon)
Scrolls
 e - 3 scrolls of immolation {!r!r}
 i - 4 scrolls of enchant weapon
 l - 2 scrolls of fear
 r - a scroll of identify {@r1}
Potions
 a - a potion of magic
 b - a potion of lignification {!q}
 f - 3 potions of heal wounds {@q2}
 h - a potion of curing {unknown}
 k - a potion of mutation {unknown}
 m - a potion of ambrosia {unknown}
 o - a potion of haste {unknown}
 p - a potion of berserk rage {unknown}
 q - 3 potions of might {unknown}

Dungeon Overview and Level Annotations

Branches:
Dungeon (4/15) Zot: 17981  Temple (1/1) D:4 Zot: 5980

Altars:
Elyvilon
Fedhas
Gozag
Hepliaklqana
Ru
Trog
Vehumet
Wu Jian

Shops:
D:4 *

Annotations:
D:3 Grinder

#.$...# #.#
#.#......## #.#
#.# ####. .# #.#
#.# ..# #.# #.#
.. #.# #.##
#.###.# #.{#
..##.# ##.#
#.##.## #@##
#.##... #..##
.### #..#.##
##..##.....#..#.#
##..####..^..#.##
##....#####.#.#.
####.........#.
###..####...
#.......# #.#.
#.......# #.#.


There were no monsters in sight!


Message History

Found a stone staircase leading down.
q - 3 orange potions (gained 2)
A scorpion comes into view.
Casting: Poisonous Vapours (safe; 4% risk of failure)
Confirm with . or Enter, or press ? or * to list all spells.
Aiming: Poisonous Vapours (safe; 4% risk of failure)
Press: ? - help, Dir - move target, f - scorpion
Aim: a scorpion (asleep) Poisonous vapours surround the scorpion!
The scorpion is poisoned.
MP[-2]
You lost 2 mp, and now have 7/9 mp.
Casting: Poisonous Vapours (safe; 4% risk of failure)
Confirm with . or Enter, or press ? or * to list all spells.
Aiming: Poisonous Vapours (safe; 4% risk of failure)
Press: ? - help, Dir - move target, f/p - scorpion
Aim: a scorpion (lightly wounded, poisoned) Poisonous vapours surround the scorpion!
The scorpion looks even sicker.
MP[-2]
You lost 2 mp, and now have 5/9 mp.
Casting: Poisonous Vapours (safe; 4% risk of failure)
Confirm with . or Enter, or press ? or * to list all spells.
Aiming: Poisonous Vapours (safe; 4% risk of failure)
Press: ? - help, Dir - move target, f/p - scorpion
Aim: a scorpion (moderately wounded, very poisoned) Poisonous vapours surround the scorpion!
The scorpion looks as sick as possible!
The scorpion barely misses you.
MP[-2]
You lost 2 mp, and now have 3/9 mp.
You hit the scorpion but do no damage. You grab the scorpion.
You constrict the scorpion, but do no damage.
You kill the scorpion!
You have reached level 7!
HP[+5]
You now have 41 max hp (+5).
Your hp is fully restored (41).
An orc wizard is nearby!
Casting: Poisonous Vapours (safe; 4% risk of failure)
Confirm with . or Enter, or press ? or * to list all spells.
Aiming: Poisonous Vapours (safe; 4% risk of failure)
Press: ? - help, Dir - move target, f - orc wizard
Aim: an orc wizard, wielding a +0 dagger and wearing a +0 robe (wandering, hasn't noticed you) Poisonous vapours surround the orc wizard!
The orc wizard is poisoned.
MP[-2]
You lost 2 mp, and now have 1/10 mp.
The orc wizard casts a spell.
The orc wizard flickers and vanishes!
Deactivating autopickup; reactivate with Ctrl-A.
Casting: Poisonous Vapours (safe; 4% risk of failure)
Confirm with . or Enter, or press ? or * to list all spells.
You can't see any susceptible monsters within range! (Use Z to cast anyway.)
Aiming: Sting (safe; 1% risk of failure)
Press: ? - help, Q - select action, (/) - cycle Shift-Dir - straight line, f - you
Okay, then.
MP[+1]
Something tries to affect you, but you resist.
You hear some strange, mumbled words.
A puff of flame appears from out of thin air!
The puff of flame hits you!
HP[-10]
You take 10 damage, and now have 31/41 hp.
MASSIVE DAMAGE!! (PAUSE)
You hit something but do no damage. Something hits you.
HP[-3]
You take 3 damage, and now have 28/41 hp.
You hit something. Something hits you.
HP[-2] MP[+1]
You take 2 damage, and now have 26/41 hp.
You hit something. Your squeeze misses something. Something hits you.
HP[-2]
You take 2 damage, and now have 24/41 hp.
You closely miss something. Something hits you.
* * * LOW HITPOINT WARNING * * *
HP[-4]
You take 4 damage, and now have 20/41 hp.
Something hits you.
* * * LOW HITPOINT WARNING * * *
A magic dart appears from out of thin air!
The magic dart hits you.
* * * LOW HITPOINT WARNING * * *
HP[-8]
You take 8 damage, and now have 12/41 hp.
Magic courses through your body.
MP[+7]
Your mp is fully restored (10).
Casting: Sting (safe; 1% risk of failure)
Confirm with . or Enter, or press ? or * to list all spells.
You begin to radiate toxic energy.
Something hits you.
* * * LOW HITPOINT WARNING * * *
HP[-1] MP[-4]
You take 1 damage, and now have 11/41 hp.
You lost 4 mp, and now have 6/10 mp.
Your toxic aura wanes.
Something hits you.
* * * LOW HITPOINT WARNING * * *
A magic dart appears from out of thin air!
The magic dart hits you!
You die...
Your body crumbles into a pile of gold.

Skill      XL: |  1  2  3  4  5  6 |
---------------+-------------------+-----
Stealth        | 3 4 5 |  5.0
Poison Magic   | 4 5 6 8 |  8.5
Dodging        | |  2.0
Spellcasting   | |  2.0
Transmutations | |  1.5

Action                   |  1- 3 |  4- 6 |  7- 9 || total
-------------------------+-------+-------+-------++-------
Melee: Constrict         |     8 |    12 |       ||    20
       Dagger            |    30 |    44 |     4 ||    78
       Unarmed           |     2 |     9 |       ||    11
       Tentacles         |     2 |     9 |       ||    11
       Punch             |       |     2 |       ||     2
 Cast: Sting             |    26 |     6 |       ||    32
       Poisonous Vapours |    27 |    62 |     1 ||    90
       Olgreb's Toxic Ra |       |     6 |     1 ||     7
Invok: Call Merchant     |       |     1 |       ||     1
  Use: Potion            |     1 |     1 |     1 ||     3
       Scroll            |       |     6 |       ||     6
 Stab: Sleeping          |     1 |       |       ||     1
Armor: Skin              |     3 |     9 |       ||    12
Dodge: Dodged            |    25 |    33 |       ||    58

Levels and vault maps discovered:
D:1:      spicycebolla_arrival_ecumenical, layout_loops_ring
D:2:      layout_loops_corners, basic_altar
D:3:      layout_basic, mainiacjoe_overflow_six_doors_small,
          hangedman_decor_riveting, corexii_leaking_fountain, uniq_grinder
D:4:      minmay_evil_eye, layout_basic, minmay_temple_entry_proselytizer,
          grunt_ministairs_1, serial_park_tiny_2
Temple:   hellmonk_temple_of_storms

Notes
Turn   | Place    | Note
-------+----------+-------------------------------------------
     0 | D:1      | zeratav the Octopode Venom Mage began the quest for the
                  | Orb.
     0 | D:1      | Reached XP level 1. HP: 11/11 MP: 3/3
     0 | D:1      | magus.rc [v1.9.6]
   205 | D:1      | Reached skill level 3 in Stealth
   478 | D:1      | Reached XP level 2. HP: 12/17 MP: 0/5
   590 | D:1      | Learned a level 2 spell: Poisonous Vapours
   593 | D:1      | Reached skill level 4 in Poison Magic
  1085 | D:1      | Reached XP level 3. HP: 21/21 MP: 6/6
  1259 | D:2      | Reached skill level 4 in Stealth
  1702 | D:2      | You add the spells Ignite Poison and Freezing Cloud to your
                  | library.
  1878 | D:2      | Identified the +6 scale mail of Lifelessness {Int+4}
  1901 | D:2      | HP: 7/31 [poisoned by an adder]
  1905 | D:2      | HP: 3/31 [poisoned by an adder]
  2398 | D:2      | Reached XP level 4. HP: 27/27 MP: 1/7
  2479 | D:2      | Found a sacrificial altar of Ru.
  3133 | D:3      | Found an ornate altar of the Wu Jian Council.
  3406 | D:3      | You pick up a book of Callings and begin reading...
  3406 | D:3      | You add the spells Summon Small Mammal, Call Canine
                  | Familiar and Summon Guardian Golem to your library.
  3728 | D:3      | Noticed Grinder
  4344 | D:4      | Noticed an ogre
  4615 | D:4      | Reached skill level 5 in Stealth
  4615 | D:4      | Reached skill level 5 in Poison Magic
  4630 | D:4      | Reached XP level 5. HP: 18/31 MP: 1/8
  4901 | D:4      | Learned a level 4 spell: Olgreb's Toxic Radiance
  4933 | D:4      | Reached skill level 6 in Poison Magic
  5168 | D:3      | Reached XP level 6. HP: 21/36 MP: 2/9
  5296 | D:3      | Reached skill level 7 in Poison Magic
  5800 | D:4      | Identified a scroll of acquirement
  5800 | D:4      | Acquired 1089 gold pieces
  5802 | D:4      | Found a staircase to the Ecumenical Temple.
  5814 | D:4      | Reached skill level 8 in Poison Magic
  5892 | Temple   | Entered the Ecumenical Temple
  5902 | Temple   | Became a worshipper of Gozag Ym Sagoz the Greedy
  5917 | D:4      | Bought an iron wand for 144 gold pieces
  5917 | D:4      | Bought a jewelled fluorescent wand for 144 gold pieces
  6017 | D:4      | Reached XP level 7. HP: 41/41 MP: 3/10
  6037 | D:4      | HP: 8/41 [something (3)]
  6037 | D:4      | Killed from afar by an orc wizard

Vanquished Creatures
  An ogre (D:4)
  A scorpion (D:4)
  3 orc priests (D:4)
  A gnoll bouda (D:4)
  2 iguanas
  5 gnolls
  4 adders
  A dart slug (D:2)
  8 orcs
  4 endoplasms
  3 giant cockroaches
  9 hobgoblins
  4 jackals
  5 kobolds
  A quokka (D:2)
  3 ball pythons (D:1)
  3 bats (D:1)
  4 frilled lizards
  4 goblins
  3 rats
69 creatures vanquished.

Table legend:
 A = Non-vault XP
 B = Vault XP
 C = Vault XP percentage of total XP
 D = Non-vault monster count
 E = Vault monster count
 F = Vault count percentage of total count
                 A         B        C        D         E       F
            +---------+---------+-------+---------+---------+-------
      Total |     357 |     311 |  46.6 |      62 |       7 |  10.1
            +---------+---------+-------+---------+---------+-------
        D:1 |      36 |       0 |   0.0 |      16 |       0 |   0.0
        D:2 |      63 |       0 |   0.0 |      22 |       0 |   0.0
        D:3 |      64 |       3 |   4.5 |       9 |       1 |  10.0
        D:4 |     194 |     308 |  61.4 |      15 |       6 |  28.6
            +---------+---------+-------+---------+---------+-------

Illustrated notes

Table legend:
 A = Kills in this place as a percentage of kills in entire the game.
 B = Kills by you in this place as a percentage of kills by you in the entire game.
 C = Kills by friends in this place as a percentage of kills by friends in the entire game.
 D = Other kills in this place as a percentage of other kills in the entire game.
 E = Experience gained in this place as a percentage of experience gained in the entire game.
 F = Experience gained in this place divided by the number of levels of this place that you have seen.
                   A       B       C       D       E      F
               +-------+-------+-------+-------+-------+----------------------
         Total | 100.0 | 100.0 |   N/A |   N/A | 100.0 | 133.6
       Dungeon | 100.0 | 100.0 |   N/A |   N/A | 100.0 | 167.0
               +-------+-------+-------+-------+-------+----------------------

Table legend: (Time is in decaauts)
 A = Elapsed time spent in this place.
 B = Non-inter-level travel time spent in this place.
 C = Inter-level travel time spent in this place.
 D = Time resting spent in this place.
 E = Time spent auto-exploring this place.
 F = Levels seen in this place.
 G = Mean time per level.
                   A        B        C        D        E       F      G
               +--------+--------+--------+--------+--------+-----+--------+
         Total |   6037 |   5994 |     43 |   1856 |   2899 |   5 | 1207.4 |
       Dungeon |   6017 |   5975 |     42 |   1856 |   2894 |   4 | 1504.2 |
        Temple |     19 |     18 |      1 |      0 |      5 |   1 |   19.0 |
               +--------+--------+--------+--------+--------+-----+--------+

Top non-repeatable levels by time:
     D:2: 1865 daAuts
     D:3: 1805 daAuts
     D:1: 1254 daAuts
     D:4: 1092 daAuts
  Temple: 19 daAuts
